 Dungeon Crawl Stone Soup version 0.27.0-1-g7a089689b8 (webtiles) character file.

Game seed: 11966257824028415378

33 graki42 the Grave Robber (level 3, -3/24 HPs)
             Began as a Mummy Necromancer on Aug 12, 2021.
             Slain by a gnoll (7 damage)
             ... on level 2 of the Dungeon.
             The game lasted 00:04:10 (1473 turns).

graki42 the Grave Robber (Mummy Necromancer)        Turns: 1473, Time: 00:04:10

Health: -3/24      AC:  2    Str: 11    XL:     3   Next: 12%
Magic:  4/7        EV: 12    Int: 15    God:
Gold:   82         SH:  0    Dex: 12    Spells: 6/8 levels left

rFire    x . .     SeeInvis .   f - +0 falchion
rCold    + . .     Faith    .   (no shield)
rNeg     + + +     Spirit   .   a - +0 robe
rPois    ∞         Reflect  .   (no helmet)
rElec    .         Harm     .   (no cloak)
rCorr    .         Rampage  .   (no gloves)
Will     .....                  (no boots)
Stlth    ++........             (no amulet)
HPRegen  0.08/turn              (no ring)
MPRegen  0.10/turn              (no ring)

@: no status effects
A: cold resistance 1, negative energy resistance 3, torment resistance 2, heat
vulnerability 1, no potions
a: no special abilities


You were on level 2 of the Dungeon.
You visited 1 branch of the dungeon, and saw 2 of its levels.

You collected 82 gold pieces.

Inventory:

Hand Weapons
 f - a +0 falchion (weapon)
Missiles
 c - 14 stones
Armour
 a - a +0 robe (worn)
Scrolls
 b - a scroll of teleportation {unknown}
 d - 2 scrolls of identify {unknown}
 e - a scroll of fear {unknown}
 g - a scroll of noise {unknown}
 h - a scroll of enchant armour {unknown}


   Skills:
 + Level 1.9 Dodging
 - Level 2.0 Stealth
 + Level 3.1 Spellcasting
 + Level 4.4 Necromancy


You had 6 spell levels left.
You knew the following spells:

 Your Spells              Type           Power      Damage    Failure   Level
a - Pain                  Necr           60%        1d7       3%          1
b - Animate Skeleton      Necr           30%        N/A       3%          1

Your spell library contained the following spells:

 Spells                   Type           Power      Damage    Failure   Level
 Vampiric Draining        Necr           7%         2d7       10%         3
 Magic Dart               Conj           8%         1d3       21%         1
 Call Imp                 Summ           2%         N/A       30%         2
 Animate Dead             Necr           7%         N/A       30%         4
 Call Canine Familiar     Summ           2%         N/A       52%         3
 Mephitic Cloud           Conj/Pois/Air  2%         N/A       52%         3
 Portal Projectile        Hex/Tloc       4%         N/A       52%         3
 Agony                    Necr           15%        N/A       65%         5
 Leda's Liquefaction      Hex/Erth       1%         N/A       89%         4


Dungeon Overview and Level Annotations

Branches:
Dungeon (2/15)

Altars:


Innate Abilities, Weirdness & Mutations

You are immune to poison.
Your flesh is cold resistant. (rC+)
You are immune to negative energy. (rN+++)
You are immune to unholy pain and torment.
You are vulnerable to heat. (rF-)
You do not drink.


Message History

Your goblin skeleton hits the gnoll with a +0 dagger.
The gnoll closely misses you.
You closely miss the gnoll.
The gnoll is lightly wounded.
The gnoll barely misses you.
Your goblin skeleton hits the gnoll with a +0 dagger.
The gnoll closely misses you.
Your goblin skeleton closely misses the gnoll.
You barely miss the gnoll.
The gnoll is lightly wounded.
The gnoll hits you with a +0 spear.
Your goblin skeleton barely misses the gnoll.
You hit the gnoll but do no damage.
The gnoll is lightly wounded.
The gnoll barely misses you.
You riposte.
You barely miss the gnoll.
The gnoll is lightly wounded.
Your goblin skeleton hits the gnoll but does no damage.
You barely miss the gnoll.
The gnoll is lightly wounded.
The gnoll closely misses you.
Your goblin skeleton hits the gnoll with a +0 dagger.
The gnoll hits you with a +0 spear.
You hit the gnoll.
The gnoll is moderately wounded.
The gnoll hits you with a +0 spear.
Your goblin skeleton misses the gnoll.
Casting: Animate Skeleton (safe; 3% risk of failure)
Confirm with . or Enter, or press ? or * to list all spells.
Aiming: Pain (safe; 3% risk of failure)
Press: ? - help, Shift-Dir - straight line, f/p - gnoll
Aim: a gnoll, wielding a +0 spear (moderately wounded, ally target, chance to affect: 80%)
The gnoll writhes in agony.
The gnoll hits you with a +0 spear.
* * * LOW HITPOINT WARNING * * *
Your goblin skeleton hits the gnoll with a +0 dagger.
Casting: Pain (safe; 3% risk of failure)
Confirm with . or Enter, or press ? or * to list all spells.
Aiming: Pain (safe; 3% risk of failure)
Press: ? - help, Shift-Dir - straight line, f/p - gnoll
Aim: a gnoll, wielding a +0 spear (severely wounded, ally target, chance to affect: 80%)
The gnoll barely resists.
The gnoll hits you with a +0 spear!
You die...

#............ .
..#.#######.# .# #...
#.# ##.# ########.# #.#
##... ##...##...## #.#
...) ##.........!## #>#
#.. ####............#
#.. #.#
.......gZ.......# ###
#.#
###....@.......#########
#.#
##....................
#.#
###.....##...###########
#.# ###...########## #
..# #...### # .## #.###
# .#######.# #
.........# # ...#######
#


You could see a gnoll (ally target) and a friendly goblin skeleton.

Vanquished Creatures
  A dart slug (D:1)
  4 ball pythons
  3 bats (D:1)
  A giant cockroach (D:2)
  A goblin (D:2)
  5 hobgoblins
  3 jackals
  2 quokkas
  2 frilled lizards (D:2)
  4 kobolds
  A rat (D:1)
27 creatures vanquished.

Notes
Turn   | Place    | Note
-------+----------+-------------------------------------------
     0 | D:1      | graki42 the Mummy Necromancer began the quest for the Orb.
     0 | D:1      | Reached XP level 1. HP: 13/13 MP: 4/4
     2 | D:1      | Noticed a gargoyle
     4 | D:1      | Noticed a barachi
     7 | D:1      | Noticed an elf
     8 | D:1      | Noticed a palentonga
    11 | D:1      | Noticed a minotaur zombie
    13 | D:1      | Noticed a ghoul
    21 | D:1      | Noticed a demigod
   285 | D:1      | Reached XP level 2. HP: 18/19 MP: 2/5
   347 | D:1      | Found a faded altar of an unknown god.
   472 | D:1      | Learned a level 1 spell: Animate Skeleton
  1342 | D:2      | Reached XP level 3. HP: 24/24 MP: 3/7
  1473 | D:2      | Slain by a gnoll

Illustrated notes

Levels and vault maps discovered:
D:1:      shiori_arrival_whats_in_store_for_you, layout_basic,
          basic_ecumenical_altar, minivault_5
D:2:      layout_rooms, minmay_misc_feat_iff

Skill      XL: |  1  2  3 |
---------------+----------+-----
Spellcasting   | 3 |  3.1
Stealth        | 2 |  2.0
Dodging        | |  1.9
Necromancy     | |  4.4

Action                   || total
-------------------------++-------
Melee: Unarmed           ||     2
       Falchion          ||     7
 Cast: Pain              ||    54
       Animate Skeleton  ||     1
Armor: Robe              ||     2
Dodge: Dodged            ||    21
       Rpst.: Falchion   ||     3
